 Dungeon Crawl Stone Soup version 0.32-a0-571-gec57dfcd37 (webtiles) character file.

Game seed: 10778663484235461900

2919 hito the Carver (level 9, 0/61 HPs)
             Began as a Coglin Gladiator on Mar 1, 2024.
             Was a Priest of Okawaru.
             Killed from afar by Erica (16 damage)
             ... with a bolt of poison
             ... on level 8 of the Dungeon.
             The game lasted 00:15:05 (8101 turns).

hito the Carver (Coglin Gladiator)                  Turns: 8101, Time: 00:15:08

Health: 0/61       AC: 23    Str: 15    XL:     9   Next: 79%
Magic:  9/11       EV:  3    Int:  8    God:    Okawaru [***...]
Gold:   172        SH:  0    Dex: 19    Spells: 8/8 levels left

rFire   + . .        F - +4 long sword {Esteban}
rCold   . . .        s - +1 dagger (protect) {Sextus}
rNeg    . . .        C - +4 scale mail of Gravity {rF+ rCorr SInv}
rPois   .            c - +0 helmet
rElec   .            (no cloak)
rCorr   +            v - +1 pair of gloves {Stlth+}
SInv    +            k - +0 pair of boots
Will    .....        (amulet unavailable)
Stlth   ++++         (ring unavailable)
HPRegen 0.30/turn    (ring unavailable)
MPRegen 0.12/turn    (no gizmo)

%: no passive effects
@: lethally poisoned (0 -> -20), heroic, under a protective aura, slowed,
constricted, revved, very slow
A: off-hand wielding, slow wielding, warmup strikes, no jewellery
a: Invent Gizmo, Renounce Religion, Heroism


You were on level 8 of the Dungeon.
You worshipped Okawaru.
Okawaru was most pleased with you.
You visited 2 branches of the dungeon, and saw 9 of its levels.

You collected 412 gold pieces.
You spent 240 gold pieces at shops.

Inventory:

Hand Weapons
 s - a +1 dagger of protection (offhand) {Sextus}
 z - a +0 falchion of holy wrath
 F - a +4 long sword (weapon) {Esteban}
Missiles
 d - 4 throwing nets (quivered)
 e - 3 javelins
 f - 32 poisoned darts
Armour
 c - a +0 helmet (worn)
 k - a +0 pair of boots (worn)
 t - the +1 ring mail of Apathy {rC+}
   (You found it on level 4 of the Dungeon)

   rC+:       It protects you from cold.
 v - a +1 pair of gloves of stealth (worn)
 B - a +2 scale mail of fire resistance
 C - the +4 scale mail of Gravity (worn) {rF+ rCorr SInv}
   (You found it on level 7 of the Dungeon)

   rF+:       It protects you from fire.
   SInv:      It lets you see invisible.
   rCorr:     It protects you from acid and corrosion.
Scrolls
 i - 3 scrolls of noise {unknown}
 n - 4 scrolls of teleportation
 o - 3 scrolls of amnesia
 p - 2 scrolls of fog {unknown}
 u - a scroll of vulnerability {unknown}
 w - 2 scrolls of blinking {unknown}
 x - a scroll of enchant weapon
 y - a scroll of fear {unknown}
 D - a scroll of poison {unknown}
Potions
 a - a potion of lignification {unknown}
 b - a potion of haste
 g - 2 potions of attraction
 h - a potion of resistance
 j - 2 potions of might
 l - a potion of invisibility
 m - 5 potions of curing
 q - a potion of cancellation {unknown}
 r - a potion of brilliance
 A - a potion of heal wounds
 E - a potion of magic {unknown}


   Skills:
 - Level 2.0(7.0) Fighting
 + Level 12.4(17.4) Long Blades
 - Level 1.7(6.7) Throwing
 - Level 2.6(7.6) Dodging
 - Level 3.0(8.0) Stealth
 - Level 3.0 Invocations


You had 8 spell levels left.
You didn't know any spells.
Your spell library contained the following spells:

 Spells                   Type           Power      Damage    Failure   Level
 Slow                     Hex            0%         N/A       83%         1
 Confusing Touch          Hex            0%         N/A       99%         3
 Fugue of the Fallen      Necr           0%         N/A       99%         3
 Ozocubu's Armour         Ice            0%         N/A       99%         3
 Sigil of Binding         Hex            0%         N/A       99%         3
 Vampiric Draining        Necr           0%         2d6       99%         3
 Dimensional Bullseye     Hex/Tloc       0%         N/A       100%        4
 Manifold Assault         Tloc           0%         N/A       100%        4
 Eringya's Noxious Bog    Alch           0%         4d6       100%        6
 Call Canine Familiar     Summ           Unusable   N/A       N/A         3
 Summon Forest            Summ/Tloc      Unusable   N/A       N/A         5
 Summon Hydra             Summ           Unusable   N/A       N/A         7

Dungeon Overview and Level Annotations

Branches:
Dungeon (8/15)             Temple (1/1) D:7
   Lair: D:8-11

Altars:
Cheibriados
Dithmenos
Elyvilon
Fedhas
Gozag
Hepliaklqana
Kikubaaqudgha
Makhleb
Nemelex Xobeh
Okawaru
Qazlal
Ru
Sif Muna
Trog
Uskayaw
Vehumet
Wu Jian
Yredelemnul
Zin
The Shining One
Beogh

Shops:
D:5 !   D:6 *   D:7 [

Annotations:
D:5 2 transporters, zenocrate's ghost, novice GrFi
D:8 Erica


Innate Abilities, Weirdness & Mutations

You can wield a second weapon in your off-hand.
It takes a long time for you to wield or remove held weapons.
Your first few attacks do less damage.
You cannot equip rings or amulets.


Message History

You hit Erica with your +1 dagger of protection.
Your weapon exudes an aura of protection.
Erica is lightly wounded.
You miss Erica with your +4 long sword. Erica hits you but does no damage.
Erica constricts you.
You slash Erica with your +4 long sword!
Erica is lightly wounded.
You closely miss Erica with your +1 dagger of protection.
Erica hits you with a +4 scimitar of flaming!
Erica burns you. Erica constricts you.
You hit Erica with your +1 dagger of protection.
Erica is lightly wounded.
You slash Erica with your +4 long sword!
Erica stares at you and mumbles some strange words.
You feel as though you will be slow longer.
Erica constricts you.
You gain the combat prowess of a mighty hero.
Erica hits you but does no damage. Erica constricts you.
Erica hits you with a +4 scimitar of flaming!
Erica burns you.
* * * LOW HITPOINT WARNING * * *
Erica constricts you.
* * * LOW HITPOINT WARNING * * *
You hit Erica with your +4 long sword.
Erica is heavily wounded.
You miss Erica with your +1 dagger of protection.
Erica hits you but does no damage. Erica constricts you.
Unknown command.
You slice Erica with your +4 long sword!!
Erica is severely wounded.
You closely miss Erica with your +1 dagger of protection.
Unknown command.
You slash Erica with your +4 long sword!
Erica is almost dead.
You hit Erica with your +1 dagger of protection.
Erica casts a spell at you. The bolt of poison hits you!
You are lethally poisoned!
You die...
Erica begins burbling mirthfully and uncontrollably.

##..##.# ##...## #.# #
##..##.# ##'## ###.#
....##.# #.# ?...#
.......######.## x####
##.####........# .#
#.####.####...## .#
#..............# .#
#..###.##.#...#########.#
#......##.##...@x.......#
##.######.###############
#........# ##########


You could see Erica.

Vanquished Creatures
  Edmund (D:4)
  An ice beast (D:5)
  3 orc warriors
  2 black bears
  An ogre (D:5)
  2 kobold brigands
  Blork the orc (D:5)
  3 bullfrogs
  A gnoll sergeant (D:7)
  2 scorpions
  5 wights (D:8)
  7 killer bees
  5 howler monkeys
  A bombardier beetle (D:5)
  A gnoll bouda (D:6)
  A hound (D:6)
  An orc priest (D:4)
  2 jellies
  5 iguanas
  4 orc wizards
  Robin (D:4)
  15 gnolls
  8 adders
  A shadow imp (D:3)
  A white imp (D:6)
  6 ufetubi
  3 dart slugs
  23 orcs
  2 ball pythons
  11 bats
  5 endoplasms
  3 giant cockroaches
  16 goblins
  13 hobgoblins
  2 jackals (D:1)
  5 quokkas
  4 frilled lizards
  19 kobolds
  4 rats
191 creatures vanquished.

Notes
Turn   | Place    | Note
-------+----------+-------------------------------------------
     0 | D:1      | hito the Coglin Gladiator began the quest for the Orb.
     0 | D:1      | Reached XP level 1. HP: 16/16 MP: 1/1
    98 | D:1      | Reached XP level 2. HP: 22/22 MP: 2/2
   202 | D:1      | Reached skill level 4 in Long Blades
   277 | D:1      | Reached XP level 3. HP: 25/27 MP: 3/3
   949 | D:2      | Reached XP level 4. HP: 4/33 MP: 4/4
  1455 | D:2      | You fall into a shaft and drop 1 floor!
  1470 | D:3      | Found a hazy altar of Hepliaklqana.
  1634 | D:2      | Reached skill level 5 in Long Blades
  2536 | D:3      | Found a white marble altar of Elyvilon.
  2536 | D:3      | Found a glowing golden altar of the Shining One.
  2539 | D:3      | Found a glowing silver altar of Zin.
  2607 | D:3      | Found a roughly hewn altar of Beogh.
  2738 | D:3      | Found a faded altar of an unknown god.
  2752 | D:3      | Prayed at the altar of an unknown god.
  2752 | D:3      | Became a worshipper of Warmaster Okawaru
  2752 | D:3      | Reached * piety under Okawaru
  2805 | D:3      | Reached skill level 1 in Stealth
  2821 | D:3      | Reached XP level 5. HP: 17/38 MP: 5/5
  3073 | D:4      | Identified the +1 ring mail of Apathy {rC+}
  3134 | D:4      | Noticed a black bear
  3135 | D:4      | Reached skill level 1 in Invocations
  3143 | D:4      | Killed a black bear
  3143 | D:4      | Reached ** piety under Okawaru
  3144 | D:4      | Reached XP level 6. HP: 36/44 MP: 5/7
  3360 | D:4      | Reached skill level 6 in Long Blades
  3630 | D:4      | Noticed Edmund
  3652 | D:4      | Killed Edmund
  3653 | D:4      | Reached XP level 7. HP: 18/50 MP: 6/8
  3797 | D:4      | Noticed Robin
  3814 | D:4      | Killed Robin
  4156 | D:4      | Reached skill level 7 in Long Blades
  4313 | D:4      | Found a bloodstained altar of Trog.
  4507 | D:5      | Entered Level 5 of the Dungeon
  4533 | D:5      | Found Icvodgh's Distillery.
  4536 | D:5      | Bought a potion of haste for 100 gold pieces
  4536 | D:5      | Bought a potion of invisibility for 80 gold pieces
  4536 | D:5      | Bought a potion of degeneration for 10 gold pieces
  4737 | D:5      | Found an opulent altar of Gozag.
  4779 | D:5      | Found a transporter.
  4782 | D:5      | Noticed zenocrate's ghost (novice GrFi)
  4820 | D:5      | Reached XP level 8. HP: 28/56 MP: 10/10
  5036 | D:5      | Reached skill level 8 in Long Blades
  5360 | D:5      | Found a transporter.
  5388 | D:5      | Noticed Blork the orc
  5400 | D:5      | Killed Blork the orc
  5657 | D:6      | Reached skill level 9 in Long Blades
  5735 | D:6      | Found an iron altar of Okawaru.
  5892 | D:6      | Identified the +0 leather armour of Satisfaction {+Blink
                  | Str+4}
  5917 | D:6      | Reached *** piety under Okawaru
  6170 | D:6      | Found a burning altar of Makhleb.
  6186 | D:6      | Found Affezici's Hallowed Reliquary.
  6188 | D:6      | Noticed an angel
  6192 | D:6      | Bought a potion of heal wounds for 50 gold pieces
  6211 | D:6      | Found a shadowy altar of Dithmenos.
  6301 | D:6      | Reached skill level 10 in Long Blades
  6395 | D:7      | Reached XP level 9. HP: 23/61 MP: 11/11
  6544 | D:7      | Found Realo's Antique Armour Emporium.
  6548 | D:7      | Identified the +4 scale mail of Gravity {rF+ rCorr SInv}
  6847 | D:7      | Reached skill level 11 in Long Blades
  7092 | D:7      | Found a staircase to the Ecumenical Temple.
  7101 | Temple   | Entered the Ecumenical Temple
  7580 | D:8      | Reached skill level 12 in Long Blades
  7768 | D:8      | Found an ornate altar of the Wu Jian Council.
  8085 | D:8      | Noticed Erica
  8101 | D:8      | Killed from afar by Erica

Illustrated notes

Levels and vault maps discovered:
D:1:      dpeg_arrival_morbid_curiosity, layout_loops_ring
D:2:      layout_basic, corexii_corridor_pit, chequers_serial_rivers_micro_b,
          minmay_circle_x
D:3:      layout_basic, dreamdust_divine_triumvirate,
          mainiacjoe_overflow_cross_hatched,
          hellmonk_ecumenical_altar_defaced_shrine
D:4:      layout_basic, trog_hazing_becter, uniq_robin, uniq_edmund
D:5:      layout_basic, nicolae_gozag_seed_capital, gammafunk_ghost_mausoleum,
          serial_shops, kennysheep_mini_moat, kennysheep_generic_room_3,
          uniq_blork_the_orc
D:6:      layout_basic, okawaru_trees_2,
          nicolae_dithmenos_through_a_glass_darkly, lemuel_crystal_altar,
          chequers_garden, eino_small_chamber_without_monster, nicolae_good_shop
D:7:      layout_cave_pools, minmay_temple_entry_statues_pillars, serial_shops,
          nicolae_shop_advertising_works [nicolae_subvault_shop_adworks]
D:8:      layout_loops_corners, general_overflow_altar,
          lemuel_coloured_pillars_altar, grunt_ministairs_10, uniq_erica
Temple:   jpeg_temple_alley_garden

Skill      XL: |  1  2  3  4  5  6  7  8  9 |
---------------+----------------------------+-----
Long Blades    | 4 5 6 7 10 12 | 12.4
Stealth        | 1 2 3 |  3.0
Invocations    | 1 2 3 |  3.0
Fighting       | |  2.0
Throwing       | |  1.7
Dodging        | |  2.6

Action                     |  1- 3 |  4- 6 |  7- 9 || total
---------------------------+-------+-------+-------++-------
  Melee: Long sword        |    73 |   167 |   401 ||   641
         Dagger            |    64 |    83 |   367 ||   514
 Invoke: Heroism           |       |     3 |     6 ||     9
    Use: Scroll            |       |     5 |     3 ||     8
   Stab: Sleeping          |       |     4 |     9 ||    13
         Distracted        |       |       |     1 ||     1
 Armour: Leather armour    |    59 |    31 |       ||    90
         Ring mail         |       |    42 |   155 ||   197
         Scale mail        |       |       |   180 ||   180
  Dodge: Dodged            |    52 |    89 |   287 ||   428

Table legend: (Time is in decaauts)
 A = Elapsed time spent in this place.
 B = Non-inter-level travel time spent in this place.
 C = Inter-level travel time spent in this place.
 D = Time resting spent in this place.
 E = Time spent auto-exploring this place.
 F = Levels seen in this place.
 G = Mean time per level.
                   A        B        C        D        E       F      G
               +--------+--------+--------+--------+--------+-----+--------+
         Total |   8012 |   7781 |    231 |   1493 |   4680 |   9 |  890.2 |
       Dungeon |   8010 |   7779 |    231 |   1493 |   4680 |   8 | 1001.2 |
        Temple |      1 |      1 |      0 |      0 |      0 |   1 |    1.0 |
               +--------+--------+--------+--------+--------+-----+--------+

Top non-repeatable levels by time:
     D:2: 1513 daAuts
     D:4: 1417 daAuts
     D:5: 1120 daAuts
     D:1: 900 daAuts
     D:7: 830 daAuts
     D:6: 808 daAuts
     D:8: 755 daAuts
     D:3: 663 daAuts
  Temple: 1 daAuts
